 Dungeon Crawl Stone Soup version 0.29-a0-418-gc0181ea820 (webtiles) character file.

Game seed: 7891299571236420955

87 marklar909 the Skirmisher (level 4, 0/37 HPs)
             Began as a Palentonga Fighter on May 18, 2022.
             Slain by a centaur (3 damage)
             ... on level 3 of the Dungeon.
             The game lasted 00:01:40 (2083 turns).

marklar909 the Skirmisher (Palentonga Fighter)      Turns: 2083, Time: 00:01:40

Health: 0/37       AC:  6    Str: 19    XL:     4   Next: 28%
Magic:  4/4        EV:  7    Int:  9    God:
Gold:   109        SH:  4    Dex: 11    Spells: 3/3 levels left

rFire   . . .      SeeInvis +   a - +0 flail
rCold   . . .      Faith    .   c - +0 buckler
rNeg    . . .      Spirit   .   b - +0 scale mail
rPois   .          Reflect  .   (no helmet)
rElec   .          Harm     .   (no cloak)
rCorr   .          Rampage  .   (no gloves)
Will    .....                   (no barding)
Stlth   ..........              (no amulet)
HPRegen 0.12/turn               (no ring)
MPRegen 0.09/turn               (no ring)

@: hasted, very quick
A: large, rugged brown scales 3, see invisible, deformed body, roll 1, armoured
tail
a: Rolling Charge


You were on level 3 of the Dungeon.
You visited 1 branch of the dungeon, and saw 3 of its levels.

You collected 109 gold pieces.

Inventory:

Hand Weapons
 a - a +0 flail (weapon)
Armour
 b - a +0 scale mail (worn)
 c - a +0 buckler (worn)
Scrolls
 e - a scroll of magic mapping {unknown}
 j - a scroll of blinking {unknown}
 l - a scroll of teleportation {unknown}
Potions
 d - a potion of might
 f - 2 potions of heal wounds {unknown}
 g - a potion of attraction {unknown}
 h - 3 potions of haste
 i - a potion of lignification {unknown}
 k - a potion of flight {unknown}


   Skills:
 + Level 3.4 Fighting
 + Level 3.2 Maces & Flails
 + Level 2.9 Armour
 + Level 3.2 Shields


You had 3 spell levels left.
You didn't know any spells.
Your spell library was empty.

Dungeon Overview and Level Annotations

Branches:
Dungeon (3/15)

Altars:


Innate Abilities, Weirdness & Mutations

You are completely covered in rugged brown scales. (AC +3, +7% HP)
You have supernaturally acute eyesight. (SInv)
Armour fits poorly on your strangely shaped body.
You can roll at nearby foes to attack.
You have a long armoured tail.


Message History

The centaur shoots an arrow.
The arrow hits you.
The centaur shoots an arrow.
The arrow hits you but does no damage.
A centaur is nearby!
A centaur is nearby!
A centaur is nearby!
You closely miss the centaur.
Your tail-slap misses the centaur.
The centaur unwields a +0 shortbow.
The centaur barely misses you. x2
You barely miss the centaur. The centaur hits you.
The centaur kicks you but does no damage.
The centaur completely misses you.
The centaur kicks you but does no damage.
You barely miss the centaur. You block the centaur's attack. x2
The centaur hits you but does no damage.
The centaur kicks you but does no damage.
You sock the centaur! You tail-slap the centaur.
The centaur is heavily wounded.
The centaur hits you. The centaur closely misses you. The centaur hits you.
The centaur kicks you but does no damage.
You are too injured to fight recklessly!
You barely miss the centaur.
Your tail-slap misses the centaur.
The centaur is heavily wounded.
The centaur hits you. The centaur barely misses you. x2
The centaur kicks you.
* * * LOW HITPOINT WARNING * * *
You hit the centaur but do no damage.
The centaur is heavily wounded.
The centaur hits you.
* * * LOW HITPOINT WARNING * * *
The centaur kicks you but does no damage.
You block the centaur's attack. The centaur closely misses you.
You completely miss the centaur.
The centaur is heavily wounded.
The centaur hits you.
* * * LOW HITPOINT WARNING * * *
The centaur kicks you but does no damage.
The centaur hits you but does no damage.
The centaur kicks you but does no damage.
It was a potion of haste.
You feel yourself speed up. The centaur closely misses you.
The centaur kicks you.
You die...

..#####.#### ..
..........<#######...
..######.####........
........†)..........
.######....#.†......
...#.....#.#......##
.........#.######.#
.........#.# #
....?..@.#.#
.......c......#
.........##.#.#
....##..## ... ....
#..# .# ... .... # ##
####


You could see a centaur.

Vanquished Creatures
  3 adders
  A dart slug (D:2)
  3 ball pythons
  8 endoplasms
  4 giant cockroaches (D:1)
  2 goblins
  5 hobgoblins
  4 jackals (D:1)
  4 quokkas
  4 bats
  5 frilled lizards
  4 kobolds
  4 rats
51 creatures vanquished.

Notes
Turn   | Place    | Note
-------+----------+-------------------------------------------
     0 | D:1      | marklar909 the Palentonga Fighter began the quest for the
                  | Orb.
     0 | D:1      | Reached XP level 1. HP: 19/19 MP: 1/1
   264 | D:1      | Reached XP level 2. HP: 24/25 MP: 2/2
   658 | D:1      | Reached XP level 3. HP: 29/31 MP: 3/3
  1738 | D:2      | Reached XP level 4. HP: 36/37 MP: 4/4
  2072 | D:3      | Noticed a centaur
  2083 | D:3      | Slain by a centaur

Illustrated notes

Levels and vault maps discovered:
D:1:      lightli_iron_boxes, layout_loops_ring
D:2:      layout_loops_cross
D:3:      layout_basic, hellmonk_ecumenical_altar_zigzags, grunt_ministairs_6

Skill      XL: |  1  2  3  4 |
---------------+-------------+-----
Shields        | 3 |  3.2
Maces & Flails | 3 |  3.2
Fighting       | |  3.4
Armour         | |  2.9

Action                   |  1- 3 |  4- 6 || total
-------------------------+-------+-------++-------
Melee: Flail             |   114 |    33 ||   147
       Tailslap          |    11 |     3 ||    14
  Use: Potion            |       |     1 ||     1
Armor: Scale mail        |    65 |    18 ||    83
Dodge: Dodged            |    38 |    21 ||    59
Block: Buckler           |    24 |     9 ||    33

Table legend: (Time is in decaauts)
 A = Elapsed time spent in this place.
 B = Non-inter-level travel time spent in this place.
 C = Inter-level travel time spent in this place.
 D = Time resting spent in this place.
 E = Time spent auto-exploring this place.
 F = Levels seen in this place.
 G = Mean time per level.
                   A        B        C        D        E       F      G
               +--------+--------+--------+--------+--------+-----+--------+
         Total |   2129 |   2077 |     52 |    288 |   1453 |   3 |  709.7 |
       Dungeon |   2129 |   2077 |     52 |    288 |   1453 |   3 |  709.7 |
               +--------+--------+--------+--------+--------+-----+--------+

Top non-repeatable levels by time:
     D:2: 1087 daAuts
     D:1: 997 daAuts
     D:3: 44 daAuts
